 Dungeon Crawl Stone Soup version 0.14.1-1-g650416f (webtiles) character file.

5980 Kae the Martial Artist (level 10, -1/71 HPs)
             Began as a Red Draconian Transmuter on May 1, 2014.
             Was an Initiate of Sif Muna.
             Slain by an orc warrior
             ... wielding a +0,+0 hand axe
              (14 damage)
             ... on Level 9 of the Dungeon.
             The game lasted 00:22:07 (11743 turns).

Kae the Martial Artist (Red Draconian Transmuter)  Turns: 11743, Time: 00:22:07

HP  -1/71        AC  9     Str 13      XL: 10   Next: 38%
MP   0/16        EV 17     Int 14      God: Sif Muna [......]
Gold 646         SH  0     Dex 19      Spells:  4 memorised,  2 levels left

rFire  + + .     SeeInvis .       - Unarmed
rCold  + . .     Clarity  .     (armour unavailable)
rNeg   . . .     Conserve .     (no shield)
rPois  +         rCorr    .     (helmet restricted)
rElec  +         rRot     .     f - +1 cloak (curse)
SustAb . .       Spirit   +     (no gloves)
rMut   .         Warding  .     (no boots)
Saprov . . .     Stasis   .     A - cursed amulet of guardian spirit
MR     .....                    (no ring)
                                (no ring)

@: non-regenerating, invisible, agile, badly diseased, very slightly
contaminated, hasted, very quick, not resistant to hostile enchantments,
stealthy
A: breathe fire, unfitting armour, beak, fire resistance 1, evolution 1, AC +7
a: Breathe Fire, Renounce Religion


You were on level 9 of the Dungeon.
You worshipped Sif Muna.
Sif Muna was noncommittal.
You were not hungry.

You visited 2 branches of the dungeon, and saw 10 of its levels.
You also visited: Ossuary.

You collected 646 gold pieces.

Inventory:

Hand weapons
 n - the +6,+7 bardiche of Breach {antimagic, rElec Curse}
   (You found it on level 9 of the Dungeon)

   It disrupts the flow of magical energy around spellcasters and certain
   magical creatures (including the wielder).
   It insulates you from electricity.
   It may recurse itself when equipped.
 y - a cursed +1,+1 trident
Missiles
 b - 59 arrows
 m - 3 darts (quivered)
Armour
 f - a cursed +1 cloak (worn)
Magical devices
 e - a wand of polymorph (18)
 z - a wand of frost (14)
 L - a wand of draining (6)
Comestibles
 a - 10 bread rations
 g - 8 meat rations
 I - 2 beef jerkies
 J - 9 cheeses
 K - an apple
 O - a choko
Scrolls
 c - 2 scrolls of magic mapping
 l - 2 scrolls of remove curse
 q - 2 scrolls of amnesia
 x - a scroll of recharging
 D - a scroll of enchant weapon I
 G - a scroll of noise
Jewellery
 A - a cursed amulet of guardian spirit (around neck)
Potions
 h - 3 potions of brilliance
 j - a potion of haste
 k - 3 potions of restore abilities
 o - 2 potions of invisibility
 r - a potion of heal wounds
 s - 2 potions of agility
 u - 2 potions of flight
 v - 5 potions of curing
 H - 2 potions of mutation
Books
 d - a book of Changes

   Spells                             Type                      Level
   *Beastly Appendage                 Transmutation                1
   *Sticks to Snakes                  Transmutation                2
   *Spider Form                       Transmutation/Poison         3
   Ice Form                           Ice/Transmutation            4
   *Blade Hands                       Transmutation                5
 E - a book of Necromancy

   Spells                             Type                      Level
   Pain                               Necromancy                   1
   Animate Skeleton                   Necromancy                   1
   Lethal Infusion                    Charms/Necromancy            2
   Vampiric Draining                  Necromancy                   3
   Regeneration                       Charms/Necromancy            3
   Animate Dead                       Necromancy                   4
   Control Undead                     Necromancy                   4


   Skills:
 - Level 1.1 Fighting
 - Level 1.7 Dodging
 * Level 12.8 Unarmed Combat
 - Level 2.0 Spellcasting
 + Level 9.0 Transmutations


You had 2 spell levels left.
You knew the following spells:

 Your Spells              Type           Power        Failure   Level  Hunger
a - Beastly Appendage     Trmt           ####..       1%          1    ##.....
b - Sticks to Snakes      Trmt           ####......   1%          2    ###....
c - Spider Form           Trmt/Pois      ##........   12%         3    ####...
d - Blade Hands           Trmt           ####......   17%         5    ######.


Dungeon Overview and Level Annotations

Branches:
Dungeon (9/15)             Temple (1/1) D:4            Lair (0/8) D:9
    Orc: D:9-12

Altars:
Ashenzari
Kikubaaqudgha
Nemelex Xobeh
Sif Muna
Trog
Vehumet
Xom
Yredelemnul
The Shining One

Annotations:
D:5 Sigmund
D:6 Menkaure
D:9 Dowan, Duvessa


Innate Abilities, Weirdness & Mutations

You can breathe blasts of fire.*
Your fiery red scales are hard (AC +7).*
Your body does not fit into most forms of armour.
Your cold-blooded metabolism reacts poorly to cold.
Your flesh is heat resistant.*
You have a beak for a mouth.*
You evolve.


Message History

Drink which item? (? for menu, Esc to quit)
You feel much better. The orc warrior barely misses you.
Read which item? (? for menu, Esc to quit)
Okay, then.
Casting: Beastly Appendage
Confirm with . or Enter, or press ? or * to list all spells.
You don't have enough magic to cast that spell.
Drink which item? (? for menu, Esc to quit)
You feel agile all of a sudden. The troll bites you. The troll misses you.
The troll misses you.
Drink which item? (? for menu, Esc to quit)
You feel yourself speed up.
The orc warrior hits you with a hand axe!
* * * LOW HITPOINT WARNING * * *
The troll completely misses you. The troll barely misses you.
The troll barely misses you.
Drink which item? (? for menu, Esc to quit)
You feel protected.
The orc warrior hits you with a hand axe!
You die...

##.## ..#######. .#
#§.#....##
#.#..#..### .. #.
#.§#.....# .#.###
#.. ###
#.#.§#.....#
##.##...# ##
#..R#......
#.##.#...# #.#
#..§he..#
#..#..#.#.### ..#
#...#...#
#..#...###...# (.#
#...#.###
.##.#.###..#..###T#
#...##.#
.##.##.#.#...#.#@#
#... #.#
.###.##.(.#(#..o##
#... #.# .#
..#.#.[#(.#.# #..
#.#
.###.##...#.#...#
.. #># .##.##
#.#...#.#.# ...
.##.#.# #..#..###.#
... #..#...###...##
z ...
#..#..#.#%###%# .
#.##.#...##.##..


You could see a troll and an orc warrior.

Vanquished Creatures
  Joseph (D:7)
  A feature mimic (D:8)
  An efreet (D:9)
  3 yaks (D:9)
  2 steam dragons (D:5)
  Eustachio (D:5)
  An ugly thing (D:9)
  A human (D:7)
  Edmund (D:4)
  5 ogres
  An orc warrior (D:8)
  3 phantoms
  A centaur (D:6)
  2 giant frogs
  Blork the orc (D:5)
  2 eyes of draining (D:4)
  A jelly (D:7)
  2 scorpions
  2 vampire bats (D:3)
  A quasit (D:6)
  A hound (D:7)
  2 crimson imps
  A goliath beetle (D:7)
  5 orc priests
  4 iguanas
  Crazy Yiuf (D:2)
  A giant frog skeleton (D:4)
  A black bear skeleton (D:9)
  13 orc wizards
  8 worker ants
  A big kobold zombie (Ossuary)
  4 sheep (D:7)
  Ijyb (D:4)
  An ogre skeleton (D:6)
  A big kobold skeleton (D:9)
  10 mummies (Ossuary)
  A hound skeleton (D:5)
  A worker ant zombie (D:6)
  4 gnolls
  12 adders
  4 giant mites (D:7)
  An inept feature mimic (D:4)
  A shadow imp (D:6)
  8 worms
  An adder zombie (D:6)
  An orc skeleton (D:6)
  A giant eyeball (D:5)
  4 giant geckos
  2 oozes
  23 orcs
  17 bats
  A bat skeleton (D:7)
  4 bat zombies (D:3)
  8 giant cockroaches
  10 goblins
  6 hobgoblins
  2 jackals (D:6)
  16 kobolds
  5 quokkas
  4 ball pythons
  7 giant newts
  2 giant spores
  2 gnoll zombies (Ossuary)
  A hobgoblin skeleton (D:8)
  2 hobgoblin zombies (Ossuary)
  A kobold zombie (Ossuary)
  3 orc zombies
  23 rats
  A spectral orc (D:8)
  3 ballistomycetes
270 creatures vanquished.

Vanquished Creatures (collateral kills)
  A goliath beetle (D:7)
1 creature vanquished.

Vanquished Creatures (others)
  An ogre skeleton (D:9)
1 creature vanquished.

Grand Total: 272 creatures vanquished

Notes
Turn   | Place    | Note
--------------------------------------------------------------
     0 | D:1      | Kae, the Draconian Transmuter, began the quest for the Orb.
     0 | D:1      | Reached XP level 1. HP: 16/16 MP: 3/3
   155 | D:1      | Reached XP level 2. HP: 23/23 MP: 4/4
   159 | D:1      | Learned a level 2 spell: Sticks to Snakes
   691 | D:2      | Reached XP level 3. HP: 26/28 MP: 6/6
   696 | D:2      | Learned a level 3 spell: Spider Form
   713 | D:2      | Reached skill level 4 in Unarmed Combat
   898 | D:2      | Noticed Crazy Yiuf
   905 | D:2      | Killed Crazy Yiuf
   905 | D:2      | Reached XP level 4. HP: 7/35 MP: 4/7
  1853 | D:2      | Reached skill level 5 in Unarmed Combat
  1962 | D:3      | Found a shattered altar of Ashenzari.
  2205 | D:3      | Reached XP level 5. HP: 26/40 MP: 9/9
  3077 | D:3      | Found an ancient bone altar of Kikubaaqudgha.
  3118 | D:3      | Reached skill level 6 in Unarmed Combat
  3118 | D:3      | Reached XP level 6. HP: 37/47 MP: 10/10
  3648 | D:4      | Found a staircase to the Ecumenical Temple.
  3691 | D:4      | Found a sparkling altar of Nemelex Xobeh.
  3851 | D:4      | Found a bloodstained altar of Trog.
  3936 | D:4      | Noticed Ijyb
  3955 | D:4      | Killed Ijyb
  4048 | D:4      | Noticed Edmund
  4053 | D:4      | Reached skill level 7 in Unarmed Combat
  4053 | D:4      | Your scales start taking on a fiery red colour.
  4053 | D:4      | Gained mutation: Your flesh is heat resistant. [draconian maturity]
  4053 | D:4      | Reached XP level 7. HP: 49/52 MP: 12/12
  4081 | D:4      | Killed Edmund
  4248 | D:4      | Found a radiant altar of Vehumet.
  4508 | D:5      | Entered Level 5 of the Dungeon
  4510 | D:5      | Noticed Blork the orc
  4521 | D:5      | Killed Blork the orc
  4528 | D:5      | Reached skill level 5 in Transmutations
  4795 | D:5      | Noticed Eustachio
  4825 | D:5      | Killed Eustachio
  4825 | D:5      | Reached skill level 8 in Unarmed Combat
  4954 | D:5      | Reached XP level 8. HP: 53/59 MP: 13/13
  5449 | D:5      | Noticed Sigmund
  5825 | D:5      | Reached skill level 9 in Unarmed Combat
  6590 | D:6      | Found a sand-covered staircase.
  6597 | Ossuary  | Entered an ossuary
  6658 | Ossuary  | Reached skill level 10 in Unarmed Combat
  7119 | D:6      | Found a shimmering altar of Xom.
  7181 | D:6      | Reached XP level 9. HP: 22/64 MP: 6/14
  7649 | D:6      | Noticed Menkaure
  8108 | D:7      | Noticed Joseph
  8137 | D:7      | Killed Joseph
  8137 | D:7      | Reached skill level 11 in Unarmed Combat
  9145 | D:7      | Gained mutation: You have a beak for a mouth. [potion of beneficial mutation]
  9146 | D:7      | Gained mutation: You evolve. [potion of beneficial mutation]
  9669 | D:8      | Learned a level 5 spell: Blade Hands
  9686 | D:8      | Found a basalt altar of Yredelemnul.
  9861 | D:8      | Reached skill level 12 in Unarmed Combat
 10052 | D:8      | Reached XP level 10. HP: 58/71 MP: 12/16
 10907 | D:9      | Found a staircase to the Lair.
 11185 | Temple   | Entered the Ecumenical Temple
 11194 | Temple   | Became a worshipper of Sif Muna the Loreminder
 11498 | D:9      | Got a bloodstained bardiche
 11500 | D:9      | Identified the +6,+7 bardiche of Breach {antimagic, rElec Curse} (You found it on level 9 of the Dungeon)
 11539 | D:9      | Noticed a hill giant
 11544 | D:9      | Noticed Duvessa
 11544 | D:9      | Noticed Dowan
 11738 | D:9      | HP: 1/71 [orc warrior/hand axe (16)]
 11743 | D:9      | Slain by an orc warrior

Action                   |  1- 3 |  4- 6 |  7- 9 | 10-12 || total
-------------------------+-------+-------+-------+-------++-------
Melee: Unarmed           |    84 |   347 |   633 |    92 ||  1156
       Bardiche          |       |       |       |     6 ||     6
Throw: Dart              |       |       |     3 |       ||     3
 Cast: Beastly Appendage |     2 |     8 |    27 |     3 ||    40
       Spider Form       |     1 |       |     8 |       ||     9
       Sticks to Snakes  |       |       |     4 |       ||     4
 Abil: Breathe Fire      |       |       |     6 |       ||     6
Evoke: Wand              |       |       |     1 |     3 ||     4
  Use: Potion            |       |     3 |     4 |     8 ||    15
       Scroll            |       |       |    19 |     5 ||    24
 Stab: Sleeping          |       |     2 |     1 |       ||     3
       Distracted        |       |       |     1 |       ||     1
